 Dungeon Crawl Stone Soup version 0.30-a0-373-gd37427bb62 (webtiles) character file.

Game seed: 8855328710056051028

76420 Maxmaps the Nimble (level 15, -8/117 HPs)
             Began as a Demonspawn Monk on Nov 24, 2022.
             Was an Initiate of Gozag.
             Mangled by a tentacled starspawn (9 damage)
             ... on level 2 of the Abyss.
             The game lasted 00:44:22 (25550 turns).

Maxmaps the Nimble (Demonspawn Monk)               Turns: 25550, Time: 00:44:23

Health: -8/117     AC: 30    Str: 11    XL:     15   Next: 12%
Magic:  15/15      EV: 13    Int: 20    God:    Gozag
Gold:   4851       SH: 16    Dex: 18    Spells: 14/14 levels left

rFire   + + .      SeeInvis .      - Unarmed
rCold   . . .      Faith    .    B - +0 kite shield
rNeg    . . .      Spirit   .    O - +4 ring mail "Deischiv" {rF+ Regen+}
rPois   +          Reflect  .    h - +0 helmet
rElec   .          Harm     .    t - +2 cloak
rCorr   .          Rampage  .    (gloves unavailable)
Will    ++...                    v - +0 pair of boots
Stlth   +.........               D - amulet of the acrobat
HPRegen 1.19/turn                L - ring of protection from fire
MPRegen 0.14/turn                Q - ring of Insomnia {rPois Will+ Str-3 Int+3 Dex+3}

@: gold aura, sanguine armoured, glowing, constricted, studying Translocations
A: claws 3, icemail 1, powered by death 2, sanguine armour 2, condensation
shield
a: Renounce Religion, Potion Petition, Call Merchant, Bribe Branch


You were on level 2 of the Abyss.
You worshipped Gozag.
Gozag was most pleased with you.
You visited 4 branches of the dungeon, and saw 21 of its levels.
You visited the Abyss 1 time.
You also visited: Ossuary and Volcano.

You collected 6234 gold pieces.
You spent 569 gold pieces at shops.
You paid 814 gold pieces to Gozag.

Inventory:

Missiles
 n - 5 throwing nets
 K - 4 silver javelins (quivered)
Armour
 h - a +0 helmet (worn)
 t - a +2 cloak (worn)
 v - a +0 pair of boots (worn)
 A - a +2 ring mail of poison resistance
 B - a +0 kite shield (worn)
 O - the +4 ring mail "Deischiv" (worn) {rF+ Regen+}
   (You found it on level 5 of the Lair of Beasts)

   rF:        It protects you from fire.
   Regen:     It increases your rate of health regeneration.
 R - a +2 scale mail of fire resistance
 V - a +1 buckler of poison resistance
Jewellery
 e - a ring of protection from cold
 D - an amulet of the acrobat (around neck)
 H - a ring of protection from fire
 L - a ring of protection from fire (left claw)
 Q - the ring of Insomnia (right claw) {rPois Will+ Str-3 Int+3 Dex+3}
   (You bought it in a shop on level 4 of the Dungeon)

   [ring of willpower]

   Str:       It affects your strength (-3).
   Int:       It affects your intelligence (+3).
   Dex:       It affects your dexterity (+3).
   rPois:     It protects you from poison.
   Will:      It increases your willpower.
 U - a ring of see invisible
Wands
 a - a wand of paralysis (17)
 f - a wand of digging (3)
 m - a wand of roots (17)
 o - a wand of quicksilver (8)
 x - a wand of flame (57)
 E - a wand of mindburst (9)
 P - a wand of polymorph (4)
Scrolls
 b - 3 scrolls of teleportation
 d - a scroll of magic mapping
 g - 6 scrolls of immolation
 p - 3 scrolls of fog
 q - 4 scrolls of silence
 u - 2 scrolls of enchant weapon
 z - 4 scrolls of blinking
 C - 2 scrolls of amnesia
 J - a scroll of fear
 M - 10 scrolls of identify
 N - a scroll of brand weapon
 T - a scroll of enchant armour
Potions
 c - 13 potions of ambrosia
 i - 3 potions of resistance
 j - 4 potions of mutation
 k - 2 potions of flight
 l - 7 potions of magic
 r - 5 potions of lignification
 s - 4 potions of curing
 w - 2 potions of heal wounds
 G - 3 potions of brilliance
 I - 3 potions of attraction
 S - 3 potions of might
Miscellaneous
 y - a lightning rod (4/4)


   Skills:
 - Level 10.9 Fighting
 - Level 2.6 Long Blades
 - Level 10.6 Armour
 - Level 13.0 Dodging
 - Level 1.7 Stealth
 + Level 10.1 Shields
 - Level 10.0 Unarmed Combat
 - Level 10.0 Evocations


You had 14 spell levels left.
You didn't know any spells.
Your spell library contained the following spells:

 Spells                   Type           Power      Damage    Failure   Level
 Magic Dart               Conj           0%         1d3       65%         1
 Slow                     Hex            0%         N/A       65%         1
 Call Imp                 Summ           0%         N/A       78%         2
 Cigotuvi's Dreadful Rot  Necr/Pois/Air  0%         N/A       78%         2
 Poisonous Vapours        Pois/Air       0%         N/A       78%         2
 Confusing Touch          Hex            0%         N/A       95%         3
 Dazzling Flash           Conj/Hex       0%         N/A       95%         3
 Mephitic Cloud           Conj/Pois/Air  0%         N/A       95%         3
 Tukima's Dance           Hex            0%         N/A       95%         3
 Vampiric Draining        Necr           0%         2d6       95%         3
 Anguish                  Hex/Necr       0%         N/A       100%        4
 Cause Fear               Hex            0%         N/A       100%        4
 Iskenderun's Mystic Bla  Conj/Tloc      0%         2d3       100%        4
 Passage of Golubria      Tloc           0%         N/A       100%        4
 Yara's Violent Unravell  Hex/Tmut       0%         3d3       100%        5
 Starburst                Conj/Fire      0%         6d3       100%        6
 Dragon Form              Tmut           0%         N/A       100%        7
 Enfeeble                 Hex            0%         N/A       100%        7
 Dragon's Call            Summ           0%         N/A       100%        9


Dungeon Overview and Level Annotations

Branches:
Dungeon (14/15)            Temple (1/1) D:6            Lair (5/5) D:8
 Shoals (0/4) Lair:2        Snake (0/4) Lair:2        Slime (0/5) Lair:5
    Orc (1/2) D:10         Vaults (0/5) D:13        Ossuary (visited)
Volcano (visited)

Altars:
Ashenzari
Cheibriados
Dithmenos
Fedhas
Gozag
Hepliaklqana
Kikubaaqudgha
Makhleb
Nemelex Xobeh
Okawaru
Qazlal
Ru
Sif Muna
Trog
Uskayaw
Vehumet
Wu Jian
Xom
Yredelemnul
Jiyva

Shops:
D:2 *   D:4 *(*=   D:10 (

Annotations:
D:6 2 runed translucent doors, flotson's ghost, novice DsDe
D:14 Louise; Roxanne
Orc:1 Snorg; Sonja


Innate Abilities, Weirdness & Mutations

You have claws for hands.
A meltable icy envelope protects you from harm. (AC +4)
You regenerate health from kills.
When seriously injured, your blood forms thick armour. (AC +9)
A meltable shield of frost defends you. (SH +4)


Message History

The golden eye blinks at you.
You are more confused.
The starspawn tentacle grabs you. The starspawn tentacle constricts you.
The large abomination barely misses you.
The daeva calls down the wrath of the Shining One upon you.
The Shining One smites you!
The tentacled starspawn bites you but does no damage.
The tentacled starspawn tentacle-slaps you but does no damage.
The tentacled starspawn bites you but does no damage.
The tentacled starspawn tentacle-slaps you but does no damage.
You are too confused!
Unknown command.
You are too confused!
You are too confused!
You bump into the stone wall.
The starspawn tentacle constricts you. The tentacled starspawn bites you!
The tentacled starspawn closely misses you.
The daeva calls down the wrath of the Shining One upon you.
The Shining One smites you!
* * * LOW HITPOINT WARNING * * *
Tentacles burst from the starspawn's body!
The large abomination hits you!!
* * * LOW HITPOINT WARNING * * *
The golden eye blinks at you.
You resist with almost no effort. 2 starspawn tentacles come into view.
You feel better. The starspawn tentacle constricts you.
The golden eye blinks at you.
You easily resist.
The daeva calls down the wrath of the Shining One upon you.
The Shining One smites you!
* * * LOW HITPOINT WARNING * * *
The tentacled starspawn bites you.
* * * LOW HITPOINT WARNING * * *
The tentacled starspawn tentacle-slaps you but does no damage.
The tentacled starspawn bites you.
* * * LOW HITPOINT WARNING * * *
The tentacled starspawn tentacle-slaps you!
You die...
Your body crumbles into a pile of gold.

.#.# ....
#..# #.X#
+..+
#..#+##
#=.w$.#...
#GXw......
#@####..
...A.wXX+$
......w.#
...####..
.. ...
.#.. . #.
## .#


You could see a daeva, 3 tentacled starspawn, a large abomination, 4 starspawn
tentacles and a golden eye.

Vanquished Creatures
  2 fire dragons (Lair:5)
  Harold (D:11)
  Erolcha (D:10)
  2 hydras
  4 vault guards (D:13)
  A centaur warrior (D:13)
  2 boulder beetles
  Erica (D:8)
  A catoblepas (Lair:1)
  A tengu warrior (D:13)
  A two-headed ogre (D:11)
  12 death yaks
  Nergalle (Lair:2)
  A fire crab (Volcano)
  A swamp dragon (Lair:5)
  3 lindwurms
  Pikel (D:8)
  A deep elf pyromancer (D:12)
  An orc knight (D:13)
  3 cyclopes
  8 black mambas
  4 manticores
  Maurice (D:8)
  8 elephants
  6 torpor snails
  2 gargoyles
  Maggie (Lair:2)
  9 komodo dragons
  13 cane toads
  A yaktaur (D:13)
  An unseen horror (D:13)
  2 tengu conjurers (D:13)
  2 queen bees
  4 trolls
  8 hornets
  3 tyrant leeches (Lair:5)
  2 polar bears (Lair:2)
  26 blink frogs
  6 meliai
  5 dream sheep (Lair:3)
  8 slime creatures
  3 shadows
  A spriggan (Lair:2)
  40 yaks
  A vampire (D:11)
  4 wraiths
  5 wyverns
  5 steam dragons
  4 basilisks
  8 fire bats (Volcano)
  17 vampire mosquitoes
  A large abomination (Abyss:2)
  4 acid dragons (Lair:5)
  Edmund (D:5)
  21 water moccasins
  2 hell hounds (Volcano)
  6 orc warriors
  An ice beast (D:7)
  2 black bears
  A swamp drake (D:10)
  2 sky beasts
  4 ogres
  22 wolves
  4 centaurs
  A phantom (D:5)
  An elf zombie (Ossuary)
  3 kobold brigands
  2 gnoll sergeants
  A necrophage (D:7)
  8 bullfrogs
  3 scorpions
  3 wights (D:7)
  66 killer bees
  3 howler monkeys
  3 electric eels
  2 jellies
  A centaur zombie (Ossuary)
  4 human zombies (Ossuary)
  4 orc priests
  2 hounds
  A gnoll bouda (D:7)
  8 iguanas
  Ijyb (D:5)
  10 orc wizards
  2 hell rats (Lair:4)
  2 mummies (Ossuary)
  28 gnolls
  5 adders
  A white imp (D:3)
  2 ufetubi
  2 adder zombies (Ossuary)
  2 worms (D:3)
  A dart slug (D:8)
  32 orcs
  7 endoplasms
  3 giant cockroaches
  6 goblins
  5 hobgoblins
  5 quokkas
  9 ball pythons
  5 bats
  2 frilled lizards
  A goblin zombie (Ossuary)
  4 hobgoblin zombies (Ossuary)
  3 jackal zombies (Ossuary)
  12 kobolds
  9 kobold zombies (Ossuary)
  12 orc zombies (Ossuary)
  5 rats
612 creatures vanquished.

Vanquished Creatures (others)
  A rime drake (Lair:5)
  16 fungi
  89 plants
  2 starspawn tentacles (Abyss:2)
  2 withered plants (D:6)
110 creatures vanquished.

Grand Total: 722 creatures vanquished

Notes
Turn   | Place    | Note
-------+----------+-------------------------------------------
     0 | D:1      | Maxmaps the Demonspawn Monk began the quest for the Orb.
     0 | D:1      | Reached XP level 1. HP: 18/18 MP: 1/1
    99 | D:1      | Reached skill level 1 in Armour
   187 | D:1      | Gained mutation: A meltable shield of frost defends you.
                  | (SH +4) [demonic ancestry]
   187 | D:1      | Reached XP level 2. HP: 24/24 MP: 2/2
  1140 | D:2      | Found Kagupn's General Store.
  1153 | D:2      | Bought a scroll of identify for 20 gold pieces
  1153 | D:2      | Bought a scroll of fog for 40 gold pieces
  1343 | D:2      | Gained mutation: When seriously injured, your blood forms
                  | armour. (AC +9) [demonic ancestry]
  1343 | D:2      | Reached XP level 3. HP: 27/29 MP: 3/3
  1637 | D:3      | Found a stormy altar of Qazlal.
  1799 | D:3      | Gained mutation: You have sharp fingernails. [demonic
                  | ancestry]
  1799 | D:3      | Reached XP level 4. HP: 30/35 MP: 4/4
  2434 | D:4      | Found Quymauho's Weapon Shoppe.
  2469 | D:4      | Found Ciragaed's General Store.
  2469 | D:4      | Found Cus Lir's Jewellery Shop.
  2598 | D:4      | Bought a scroll of teleportation for 42 gold pieces
  2622 | D:4      | Noticed a black bear
  2650 | D:4      | Killed a black bear
  2651 | D:4      | Reached XP level 5. HP: 24/41 MP: 5/5
  2915 | D:4      | Found an ornate altar of the Wu Jian Council.
  2917 | D:4      | Noticed an ogre
  2926 | D:4      | Killed an ogre
  2927 | D:4      | Gained mutation: You have very sharp fingernails. [demonic
                  | ancestry]
  2927 | D:4      | Reached XP level 6. HP: 47/47 MP: 6/6
  3031 | D:4      | Found Iwkiowne's General Store.
  3150 | D:4      | Reached skill level 5 in Unarmed Combat
  3150 | D:4      | Gained mutation: You regenerate a little health from kills.
                  | [demonic ancestry]
  3150 | D:4      | Reached XP level 7. HP: 52/52 MP: 7/7
  3456 | D:5      | Entered Level 5 of the Dungeon
  3592 | D:5      | Noticed Edmund
  3599 | D:5      | Noticed Ijyb
  3609 | D:5      | Killed Edmund
  3616 | D:5      | Killed Ijyb
  4121 | D:6      | Found a sand-covered staircase.
  4138 | D:6      | Reached XP level 8. HP: 53/58 MP: 8/8
  4167 | Ossuary  | Entered an ossuary
  4552 | D:6      | Found a runed translucent door.
  4554 | D:6      | Found a basalt altar of Yredelemnul.
  4712 | D:6      | Found a runed translucent door.
  4712 | D:6      | Noticed flotson's ghost (novice DsDe)
  4851 | D:6      | Found a burning altar of Makhleb.
  5001 | D:6      | Found a staircase to the Ecumenical Temple.
  5211 | Temple   | Entered the Ecumenical Temple
  5402 | Temple   | Became a worshipper of Gozag Ym Sagoz the Greedy
  5744 | D:7      | Reached XP level 9. HP: 60/63 MP: 9/9
  6031 | D:7      | Reached skill level 10 in Unarmed Combat
  6037 | D:7      | Reached skill level 1 in Shields
  6962 | D:8      | Found a snail-covered altar of Cheibriados.
  6988 | D:8      | Noticed Pikel
  7006 | D:8      | Killed Pikel
  7315 | D:8      | Found a shadowy altar of Dithmenos.
  7316 | D:8      | You fall into a shaft and drop 2 floors!
  7316 | D:10     | Entered Level 10 of the Dungeon
  7383 | D:10     | Gained mutation: A meltable icy envelope protects you from
                  | harm. (AC +4) [demonic ancestry]
  7383 | D:10     | Reached XP level 10. HP: 61/70 MP: 10/10
  7609 | D:8      | Found a broken altar of Ashenzari.
  7683 | D:8      | Noticed Maurice
  7789 | D:8      | Killed Maurice
  7898 | D:8      | Found an iron altar of Okawaru.
  7916 | D:8      | Noticed Erica
  7936 | D:8      | Killed Erica
  8244 | D:8      | Found a staircase to the Lair.
  8465 | D:9      | Reached skill level 5 in Fighting
  8737 | D:9      | Found a hide-covered altar of Uskayaw.
  8932 | D:9      | Found a blossoming altar of Fedhas.
  8932 | D:9      | Found a sparkling altar of Nemelex Xobeh.
  9194 | D:10     | Paralysed by a hornet for 3 turns
  9501 | D:10     | Found Reblapn's Antique Weapon Boutique.
  9531 | D:10     | Reached XP level 11. HP: 81/85 MP: 11/11
 10086 | D:10     | Found a staircase to the Orcish Mines.
 10266 | D:11     | Noticed a two-headed ogre
 10273 | D:11     | Killed a two-headed ogre
 10624 | D:11     | Noticed a boulder beetle
 10680 | D:11     | Killed a boulder beetle
 10681 | D:11     | Reached skill level 10 in Fighting
 10920 | D:11     | Noticed Harold
 10944 | D:11     | Killed Harold
 10945 | D:11     | Reached skill level 5 in Armour
 11162 | D:11     | Reached skill level 3 in Dodging
 11251 | D:11     | Reached skill level 4 in Dodging
 11390 | D:12     | Noticed a deep elf pyromancer
 11395 | D:12     | Killed a deep elf pyromancer
 11677 | D:12     | Reached skill level 5 in Dodging
 11834 | D:12     | Reached skill level 6 in Dodging
 11932 | D:12     | Gained mutation: You regenerate health from kills. [demonic
                  | ancestry]
 11932 | D:12     | Reached XP level 12. HP: 97/97 MP: 12/12
 12580 | D:12     | Reached skill level 7 in Dodging
 13123 | D:10     | Noticed Erolcha
 13140 | D:10     | Killed Erolcha
 13282 | Lair:1   | Entered Level 1 of the Lair of Beasts
 13321 | D:8      | Reached skill level 8 in Dodging
 13497 | D:8      | Reached skill level 9 in Dodging
 13640 | Lair:1   | Reached skill level 10 in Dodging
 13657 | Lair:1   | Found a dark tunnel.
 13665 | Volcano  | Entered a volcano
 13903 | Volcano  | Reached skill level 11 in Dodging
 14253 | Lair:1   | Noticed a catoblepas
 14274 | Lair:1   | Killed a catoblepas
 14481 | Lair:1   | Gained mutation: When seriously injured, your blood forms
                  | thick armour. (AC +9) [demonic ancestry]
 14481 | Lair:1   | Reached XP level 13. HP: 94/103 MP: 13/13
 15332 | Lair:2   | Noticed Maggie
 15344 | Lair:2   | Killed Maggie
 15345 | Lair:2   | Reached skill level 12 in Dodging
 15362 | Lair:2   | Found a staircase to the Snake Pit.
 15738 | Lair:2   | Found a staircase to the Shoals.
 15948 | Lair:2   | Noticed Nergalle
 15965 | Lair:2   | Killed Nergalle
 15983 | Lair:2   | Reached skill level 13 in Dodging
 18562 | Lair:3   | Reached skill level 10 in Armour
 18943 | Lair:3   | Reached XP level 14. HP: 87/110 MP: 14/14
 19189 | Lair:4   | Reached skill level 1 in Evocations
 19801 | Lair:4   | Found a sparkling altar of Nemelex Xobeh.
 19950 | Lair:4   | Reached skill level 5 in Evocations
 21140 | Lair:5   | Entered Level 5 of the Lair of Beasts
 21437 | Lair:5   | Identified the +4 ring mail "Deischiv" {rF+ Regen+}
 21759 | D:4      | Bought the ring of Insomnia {rPois Will+ Str-3 Int+3 Dex+3}
                  | for 467 gold pieces
 22093 | Lair:5   | Found a viscous altar of Jiyva.
 22094 | Lair:5   | Found a staircase to the Slime Pits.
 22256 | Lair:5   | Found a runed translucent door.
 23140 | Lair:5   | Reached skill level 10 in Evocations
 23730 | Orc:1    | Entered Level 1 of the Orcish Mines
 23813 | Orc:1    | Noticed Snorg
 23813 | Orc:1    | Noticed Sonja
 24770 | D:13     | Gained mutation: You have claws for hands. [demonic
                  | ancestry]
 24770 | D:13     | Reached XP level 15. HP: 102/117 MP: 15/15
 24823 | D:13     | Found a gate to the Vaults.
 25320 | D:14     | Identified Roxanne's Compendium of the Lithosphere
 25320 | D:14     | Noticed Roxanne
 25361 | D:14     | Reached skill level 10 in Shields
 25465 | D:14     | Identified the +6 tower shield of Caustic Life {rPois rF+
                  | Dex+6}
 25465 | D:14     | Noticed Louise
 25532 | Abyss:2  | Noticed a tentacled starspawn
 25532 | Abyss:2  | Cast into level 2 of the Abyss (Louise)
 25543 | Abyss:2  | Noticed a tentacled starspawn
 25544 | Abyss:2  | Noticed a tentacled starspawn
 25545 | Abyss:2  | Identified the +6 tower shield "Timy" {rElec rPois rN++
                  | MP-9}
 25545 | Abyss:2  | Noticed a daeva
 25550 | Abyss:2  | HP: 3/117 [tentacled starspawn (6)]
 25550 | Abyss:2  | HP: 1/117 [tentacled starspawn (2)]
 25550 | Abyss:2  | Mangled by a tentacled starspawn

Illustrated notes

Levels and vault maps discovered:
D:1:      eino_arrival_cavern_a, layout_loops_ring,
          shapermc_ecumenical_altar_petra, kennysheep_crisscross,
          minmay_door_square, chequers_serial_rivers_micro_e
D:2:      layout_basic, serial_shops, nicolae_shop_advertising_works
          [nicolae_subvault_shop_adworks]
D:3:      layout_basic, nicolae_qazlal_eye_of_the_storm, dk_noncrumbling_2
D:4:      layout_cave_pods, mainiacjoe_overflow_small_starburst, serial_shops,
          nicolae_shop_crystal, nicolae_stop_n_shop_2, nicolae_wooded_promenade,
          kennysheep_generic_room_12
D:5:      layout_loops_ring, uniq_edmund, uniq_ijyb
D:6:      layout_basic, dk_yredelemnul_ordeal, amcnicky_altar_gilded,
          minmay_temple_entry_nine_rooms, nicolae_ossuary_entry_ruins,
          gammafunk_ghost_grave
D:7:      layout_loops_corners, grunt_ministairs_15, kennysheep_generic_room_14
D:8:      layout_basic, kennysheep_slug_shrine, mainiacjoe_overflow_chevrons,
          chequers_temple_overflow_statue_of_worship, erik_lair_dragon,
          minmay_manual_monstrance, uniq_erica, uniq_maurice, uniq_pikel
D:9:      layout_long_grid, nicolae_uskayaw_dance_hall,
          gammafunk_temple_overflow_elements
D:10:     layout_basic, erik_orc_1, serial_shops, nicolae_shop_trees,
          grunt_ministairs_12, uniq_erolcha
D:11:     layout_roguey [special_room_bee], kennysheep_generic_room_7,
          uniq_harold
D:12:     cheibrodos_quadrivalence, layout_basic
D:13:     layout_rooms, grunt_vaults_entry_fortified, serial_corexii_hall,
          chequers_hall_statues_wall_a, corexii_hall_statues_i
D:14:     kennysheep_big_flooded_room, layout_irregular_city, elyvilon_altar_5,
          uniq_lodul, uniq_roxanne, uniq_josephine, uniq_louise
Temple:   nicolae_temple_bog_church
Lair:1:   layout_hall_layers, lightli_volcano_entry_magma_tube
Lair:2:   layout_gridlike, shoals_dummy_entry, minmay_snake_entry_six_corridors,
          forest_entry_grove, uniq_maggie, uniq_nergalle
Lair:3:   layout_hall_layers, lemuel_fruit_fields
Lair:4:   regret_index_wax_grids, layout_gridlike, basic_altar,
          serial_bayou_crossing, grunt_megastairs_3
Lair:5:   wormcave, layout_regular_city, guppyfry_lair_end_dragon,
          dpeg_slime_entry_corner
Orc:1:    layout_caves, uniq_snorg, uniq_sonja
Abyss:2:  base: D:3, hangedman_decor_peaks_small, minivault_13,
          evilmike_abyss_exit_mutagenic

Skill      XL: |  1  2  3  4  5  6  7  8  9 10 11 12 13 14 15 |
---------------+----------------------------------------------+-----
Armour         | 1 2 3 4 6 10 | 10.6
Unarmed Combat | 2 3 5 7 9 10 | 10.0
Shields        | 7 9 10 | 10.1
Fighting       | 7 10 | 10.9
Dodging        | 6 11 13 | 13.0
Evocations     | 10 | 10.0
Long Blades    | |  2.6
Stealth        | |  1.7

Action                   |  1- 3 |  4- 6 |  7- 9 | 10-12 | 13-15 || total
-------------------------+-------+-------+-------+-------+-------++-------
Melee: Whip              |    81 |   141 |    55 |       |       ||   277
       Falchion          |     5 |       |       |       |       ||     5
       Punch             |     1 |     1 |    15 |       |       ||    17
       Unarmed           |       |       |   447 |  1113 |  2166 ||  3726
Invok: Potion Petition   |       |       |       |     1 |       ||     1
  Use: Scroll            |     2 |     9 |    12 |     6 |     8 ||    37
       Potion            |       |       |     1 |     2 |     9 ||    12
 Stab: Sleeping          |     3 |     3 |       |     1 |     1 ||     8
       Distracted        |       |       |     1 |     7 |     7 ||    15
       Petrified         |       |       |       |     3 |       ||     3
       Invisible         |       |       |       |       |     6 ||     6
Armor: Robe              |     9 |       |       |       |       ||     9
       Ring mail         |    12 |    49 |   130 |   293 |   621 ||  1105
Dodge: Dodged            |    46 |   132 |   320 |   829 |  1557 ||  2884
Block: Other             |    11 |    26 |    28 |       |       ||    65
       Buckler           |       |       |    70 |   540 |   991 ||  1601
       Kite shield       |       |       |       |       |   288 ||   288

Table legend: (Time is in decaauts)
 A = Elapsed time spent in this place.
 B = Non-inter-level travel time spent in this place.
 C = Inter-level travel time spent in this place.
 D = Time resting spent in this place.
 E = Time spent auto-exploring this place.
 F = Levels seen in this place.
 G = Mean time per level.
                   A        B        C        D        E       F      G
               +--------+--------+--------+--------+--------+-----+--------+
         Total |  25202 |  23699 |   1503 |   3602 |  12932 |  24 | 1050.1 |
       Dungeon |  15050 |  14035 |   1015 |   1713 |   8628 |  14 | 1075.0 |
        Temple |    216 |    201 |     15 |      0 |    173 |   1 |  216.0 |
          Lair |   9105 |   8634 |    471 |   1889 |   3705 |   5 | 1821.0 |
  Orcish Mines |    116 |    116 |      0 |      0 |     47 |   1 |  116.0 |
         Abyss |     17 |     17 |      0 |      0 |      0 |   1 |   17.0 |
       Ossuary |    251 |    251 |      0 |      0 |     92 |   1 |  251.0 |
       Volcano |    445 |    445 |      0 |      0 |    285 |   1 |  445.0 |
               +--------+--------+--------+--------+--------+-----+--------+

Top non-repeatable levels by time:
  Lair:3: 2397 daAuts
  Lair:4: 2025 daAuts
  Lair:5: 1799 daAuts
     D:8: 1622 daAuts
    D:12: 1599 daAuts
  Lair:2: 1499 daAuts
  Lair:1: 1384 daAuts
    D:13: 1365 daAuts
     D:7: 1363 daAuts
    D:10: 1318 daAuts
    D:11: 1126 daAuts
     D:4: 1113 daAuts
     D:9: 1095 daAuts
     D:6: 1026 daAuts
     D:3: 894 daAuts
